 Dungeon Crawl Stone Soup version 0.30-a0-715-gdb4ae3ece1 (webtiles) character file.

Game seed: 10676984291523122437

1591 M4edhros the Martial Artist (level 8, -5/48 HPs)
             Began as an Octopode Transmuter on Jan 24, 2023.
             Was a Priest of Cheibriados.
             Slain by a shadow imp (6 damage)
             ... on level 8 of the Dungeon.
             The game lasted 00:13:38 (3608 turns).

M4edhros the Martial Artist (Octopode Transmuter)   Turns: 3608, Time: 00:13:39

Health: -5/48      AC:  1    Str: 15    XL:     8   Next: 93%
Magic:  0/11       EV: 13    Int: 22    God:    Cheibriados [***...]
Gold:   280        SH:  0    Dex: 20    Spells: 3/11 levels left

rFire   . . .      SeeInvis .      - Unarmed
rCold   . . .      Faith    .    (no shield)
rNeg    . . .      Spirit   +    (helmet restricted)
rPois   .          Reflect  .    h - amulet of guardian spirit
rElec   .          Harm     .    (no ring)
rCorr   .          Rampage  .    (no ring)
Will    .....                    (no ring)
Stlth   +++                      (no ring)
HPRegen 0.28/turn                (no ring)
MPRegen 0.12/turn                (no ring)
                                 (no ring)
                                 (no ring)

@: very slow
A: almost no armour, amphibious, 8 rings, camouflage 1, gelatinous body 1,
(nimble swimmer 1), tentacles
a: Renounce Religion, Bend Time, Temporal Distortion


You were on level 8 of the Dungeon.
You worshipped Cheibriados.
Cheibriados was most pleased with you.
You visited 2 branches of the dungeon, and saw 9 of its levels.

You collected 280 gold pieces.

Inventory:

Missiles
 l - 4 poisoned darts (quivered)
 o - 5 javelins
Magical Staves
 a - a staff of air
Jewellery
 h - an amulet of guardian spirit (around mantle)
Wands
 g - a wand of paralysis (10)
 j - a wand of flame (16)
 m - a wand of polymorph (2)
 p - a wand of mindburst (16)
Scrolls
 d - a scroll of identify
 e - a scroll of magic mapping {unknown}
 f - 2 scrolls of fog
 n - a scroll of summoning
 q - a scroll of teleportation
Potions
 b - 4 potions of might
 c - 2 potions of curing
 i - 2 potions of attraction
 k - a potion of magic {unknown}


   Skills:
 - Level 1.0 Fighting
 - Level 2.0 Dodging
 + Level 9.3 Unarmed Combat
 - Level 2.0 Spellcasting
 + Level 4.6 Transmutations
 + Level 4.6 Ice Magic


You had 3 spell levels left.
You knew the following spells:

 Your Spells              Type           Power      Damage    Failure   Level
a - Beastly Appendage     Tmut           44%        N/A       1%          1
b - Ozocubu's Armour      Ice            22%        N/A       6%          3
c - Ice Form              Ice/Tmut       22%        N/A       21%         4

Your spell library contained the following spells:

 Spells                   Type           Power      Damage    Failure   Level
 Wereblood                Tmut           22%        N/A       3%          2
 Spider Form              Tmut/Pois      12%        N/A       16%         3
 Static Discharge         Conj/Air       4%         2-3/arc   21%         2
 Sublimation of Blood     Necr           2%         N/A       21%         2
 Vhi's Electric Charge    Tloc/Air       4%         N/A       38%         3
 Petrify                  Tmut/Erth      12%        N/A       47%         4
 Irradiate                Conj/Tmut      6%         3d13      83%         5
 Arcjolt                  Conj/Air       1%         1d11      98%         5
 Lightning Bolt           Conj/Air       1%         1d12      98%         5
 Ozocubu's Refrigeration  Ice            11%        4d9       100%        7


Dungeon Overview and Level Annotations

Branches:
Dungeon (8/15)             Temple (1/1) D:5
   Lair: D:8-11

Altars:
Ashenzari
Cheibriados
Elyvilon
Fedhas
Gozag
Kikubaaqudgha
Nemelex Xobeh
Qazlal
Ru
Sif Muna
Trog
Uskayaw
Vehumet
Wu Jian
Xom
Yredelemnul
Zin

Annotations:
D:6 2 transporters, Zigma's ghost, novice DrMo


Innate Abilities, Weirdness & Mutations

You cannot wear most types of armour.
You are amphibious.
You can wear up to eight rings at the same time.
Your skin changes colour to match your surroundings (Stealth+).
Your rubbery body absorbs attacks. (AC +1, EV +1)
((You are camouflaged when in or above water. (Stealth+)))
You have tentacles for arms and can constrict up to eight enemies at once.


Message History

* * * LOW HITPOINT WARNING * * *
Aiming: Mindburst
Press: ? - help, Shift-Dir - straight line, f/p - orc warrior
Aim: an orc warrior, wielding a +0 battleaxe and wearing a +0 plate armour (heavily wounded, chance to affect: 64%)
The orc warrior struggles to resist.
The orc warrior hits you with a +0 battleaxe!
* * * LOW HITPOINT WARNING * * *
The orc hits you with a +0 hand axe.
* * * LOW HITPOINT WARNING * * *
The orc hits you with a +0 dagger.
* * * LOW HITPOINT WARNING * * *
You feel better.
The shadow imp lashes its tail.
The shadow imp hits you.
* * * LOW HITPOINT WARNING * * *
The orc hits you with a +0 dagger.
* * * LOW HITPOINT WARNING * * *
You feel better. The orc closely misses you. The shadow imp misses you.
Aiming: Paralyse
Press: ? - help, Shift-Dir - straight line, f/p - orc warrior
Aim: an orc warrior, wielding a +0 battleaxe and wearing a +0 plate armour (heavily wounded, chance to affect: 49%)
The orc warrior suddenly stops moving!
The shadow imp barely misses you. The orc barely misses you. x2
You tentacle-slap the shadow imp. You grab the shadow imp.
The shadow imp is heavily wounded.
You constrict the shadow imp. The shadow imp closely misses you.
The orc closely misses you. The orc hits you with a +0 hand axe.
* * * LOW HITPOINT WARNING * * *
The orc hits you with a +0 dagger.
* * * LOW HITPOINT WARNING * * *
You bludgeon the orc!
You kill the orc!
Cheibriados appreciates the change of pace.
You constrict the shadow imp. The orc barely misses you.
The shadow imp barely misses you. The orc closely misses you.
You barely miss the orc. Your grab misses the orc. Your squeeze misses the orc.
You constrict the shadow imp. The orc hits you with a +0 flail!
* * * LOW HITPOINT WARNING * * *
The shadow imp hits you.
You die...

.### ..#..
.............###+##.#.#
#.......##..........#.#
###...................#.#
......................#.#
...../.......[..........#
.....................####
.......oo............# #
#....o@..###.......#
#######5)..# #.....###
#..........# +.....#
#.......#+##+#...#.#
#.......#........#.#
#.......#........#.#
#..................#
...#..............#####
...........#.......###


You could see an orc warrior (paralysed), a shadow imp and 2 orcs.

Vanquished Creatures
  2 yaks (D:8)
  An ice beast (D:6)
  An ogre (D:6)
  A centaur (D:7)
  2 phantoms
  2 necrophages
  2 scorpions
  2 wights (D:7)
  A howler monkey (D:5)
  2 jellies (D:6)
  4 hounds
  An orc priest (D:7)
  5 iguanas
  Ijyb (D:3)
  An orc wizard (D:8)
  5 adders
  A shadow imp (D:7)
  A white imp (D:5)
  3 dart slugs
  16 orcs
  3 bats
  3 endoplasms
  4 giant cockroaches
  6 hobgoblins
  5 jackals
  6 kobolds
  7 ball pythons
  3 frilled lizards
  5 goblins
  3 rats
99 creatures vanquished.

Vanquished Creatures (others)
  6 plants
6 creatures vanquished.

Grand Total: 105 creatures vanquished

Notes
Turn   | Place    | Note
-------+----------+-------------------------------------------
     0 | D:1      | M4edhros the Octopode Transmuter began the quest for the
                  | Orb.
     0 | D:1      | Reached XP level 1. HP: 13/13 MP: 3/3
   176 | D:2      | Reached XP level 2. HP: 18/18 MP: 5/5
   216 | D:2      | Found a faded altar of an unknown god.
   299 | D:2      | Reached skill level 4 in Unarmed Combat
   333 | D:2      | Reached XP level 3. HP: 19/23 MP: 6/6
   588 | D:4      | Learned a level 3 spell: Ozocubu's Armour
   596 | D:4      | Noticed a scorpion
   616 | D:5      | Entered Level 5 of the Dungeon
   666 | D:5      | Found a staircase to the Ecumenical Temple.
   674 | Temple   | Entered the Ecumenical Temple
   682 | Temple   | Became a worshipper of Cheibriados the Contemplative
   834 | D:4      | Reached skill level 1 in Ice Magic
   834 | D:4      | Reached XP level 4. HP: 15/28 MP: 3/7
   840 | D:4      | Killed a scorpion
   841 | D:4      | Reached skill level 5 in Unarmed Combat
   841 | D:4      | Reached XP level 5. HP: 25/33 MP: 3/8
  1060 | D:3      | Noticed Ijyb
  1089 | D:3      | Killed Ijyb
  1093 | D:3      | Reached XP level 6. HP: 38/38 MP: 5/9
  1129 | D:3      | Found an ornate altar of the Wu Jian Council.
  1144 | D:3      | Reached * piety under Cheibriados
  1234 | D:3      | Found a radiant altar of Vehumet.
  2268 | D:5      | Reached ** piety under Cheibriados
  2269 | D:5      | Reached skill level 6 in Unarmed Combat
  2378 | D:5      | Reached XP level 7. HP: 38/43 MP: 6/10
  2393 | D:5      | Learned a level 4 spell: Ice Form
  2524 | D:6      | Reached skill level 7 in Unarmed Combat
  2556 | D:6      | Noticed a troll
  2557 | D:6      | Noticed Zigma's ghost (novice DrMo)
  2559 | D:6      | Found a transporter.
  2562 | D:6      | Found a transporter.
  2724 | D:6      | Reached XP level 8. HP: 40/48 MP: 9/11
  2861 | D:7      | Reached skill level 8 in Unarmed Combat
  2944 | D:7      | Identified the +4 ring mail "Lorghom" {Int+4 Stlth+}
  3115 | D:7      | Found a sparkling altar of Nemelex Xobeh.
  3136 | D:7      | Reached *** piety under Cheibriados
  3137 | D:7      | Reached skill level 9 in Unarmed Combat
  3145 | D:7      | Found an opulent altar of Gozag.
  3527 | D:8      | Noticed a yak
  3544 | D:8      | Killed a yak
  3552 | D:8      | Noticed a yak
  3561 | D:8      | Killed a yak
  3562 | D:8      | Noticed a yak
  3602 | D:8      | HP: 2/48 [orc/+0 dagger (1)]
  3608 | D:8      | HP: 1/48 [orc/+0 flail (8)]
  3608 | D:8      | Slain by a shadow imp

Illustrated notes

Levels and vault maps discovered:
D:1:      heliophobic_arrival_dark_side_of_the_moon, layout_basic
D:2:      layout_basic, ebering_ecumenical_altar_box, serial_forest,
          infiniplex_forest_zigzag_2, infiniplex_forest_clump_small,
          infiniplex_forest_clump_small, infiniplex_forest_diagonal
D:3:      layout_loops_corners, vehumet_crystals, mainiacjoe_overflow_catwalk,
          uniq_ijyb
D:4:      layout_loops_ring, chequers_jeans
D:5:      layout_loops_ring, minmay_temple_entry_overgrown,
          hangedman_abyss_or_decor_jellyfish_corner, chequers_mini_garden,
          st_stairs_12
D:6:      layout_loops_corners, gammafunk_ghost_arena
D:7:      layout_gridville, makhleb_blood_cavern_becter,
          nemelex_xobeh_ov_fountains_minmay, kennysheep_mini,
          minmay_misc_feat_cross, uniq_prince_ribbit1
D:8:      layout_basic, worldfamousw_hep_ancestral_shrine
Temple:   nicolae_temple_x_marks_the_god

Skill      XL: |  1  2  3  4  5  6  7  8 |
---------------+-------------------------+-----
Unarmed Combat | 4 5 6 7 9 |  9.3
Ice Magic      | 1 2 3 4 |  4.6
Transmutations | 3 4 |  4.6
Fighting       | |  1.0
Dodging        | |  2.0
Spellcasting   | |  2.0

Action                     |  1- 3 |  4- 6 |  7- 9 || total
---------------------------+-------+-------+-------++-------
  Melee: Unarmed           |    50 |   104 |    98 ||   252
         Tentacles         |    11 |    17 |    23 ||    51
         Constrict         |    13 |    16 |    17 ||    46
         Punch             |     1 |     5 |     9 ||    15
         Kick              |     2 |       |    32 ||    34
  Throw: Dart              |       |       |     5 ||     5
   Cast: Beastly Appendage |     1 |     2 |    13 ||    16
         Ozocubu's Armour  |       |     3 |    12 ||    15
  Evoke: Wand              |       |       |     9 ||     9
    Use: Potion            |     1 |     1 |     2 ||     4
         Scroll            |       |    10 |     1 ||    11
   Stab: Sleeping          |     3 |     6 |     3 ||    12
 Armour: Skin              |     1 |    16 |    13 ||    30
  Dodge: Dodged            |    21 |    57 |    47 ||   125

Table legend: (Time is in decaauts)
 A = Elapsed time spent in this place.
 B = Non-inter-level travel time spent in this place.
 C = Inter-level travel time spent in this place.
 D = Time resting spent in this place.
 E = Time spent auto-exploring this place.
 F = Levels seen in this place.
 G = Mean time per level.
                   A        B        C        D        E       F      G
               +--------+--------+--------+--------+--------+-----+--------+
         Total |   4664 |   4187 |    477 |     24 |   1170 |   9 |  518.2 |
       Dungeon |   4645 |   4178 |    467 |     24 |   1170 |   8 |  580.6 |
        Temple |     18 |      8 |     10 |      0 |      0 |   1 |   18.0 |
               +--------+--------+--------+--------+--------+-----+--------+

Top non-repeatable levels by time:
     D:7: 744 daAuts
     D:2: 709 daAuts
     D:1: 666 daAuts
     D:6: 650 daAuts
     D:3: 578 daAuts
     D:5: 543 daAuts
     D:4: 486 daAuts
     D:8: 267 daAuts
  Temple: 18 daAuts
